 Dungeon Crawl Stone Soup version 0.18-b1-18-g7758cf2 (webtiles) character file.

71 Chiseanne the Magician (level 4, -11/30 HPs)
             Began as a Demonspawn Wizard on May 2, 2016.
             Killed from afar by an orc (29 damage)
             ... with an exploding inner flame
             ... hexed by the player character
             ... on level 4 of the Dungeon.
             The game lasted 00:05:02 (3204 turns).

Chiseanne the Magician (Demonspawn Wizard)          Turns: 3204, Time: 00:05:03

Health: -11/30     AC:  7    Str:  8    XL:     4   Next: 5%
Magic:  1/9        EV: 12    Int: 20    God:
Gold:   83         SH:  0    Dex: 11    Spells: 4 memorised, 2 levels left

rFire  . . .     SeeInvis .     g - +0 whip
rCold  . . .     Gourm    .     a - +0 robe
rNeg   . . .     Faith    .     (no shield)
rPois  .         Spirit   .     b - +0 hat
rElec  .         Dismiss  .     (no cloak)
rCorr  .         Reflect  .     m - +0 pair of gloves
SustAt .         Harm     .     k - +0 pair of boots
MR     .....                    (no amulet)
Stlth  ++........               (no ring)
                                (no ring)

@: repel missiles, not resistant to hostile enchantments, unstealthy
A: yellow scales 2
a: no special abilities


You were on level 4 of the Dungeon.
You were not hungry.

You visited 1 branch of the dungeon, and saw 4 of its levels.

You collected 83 gold pieces.

Inventory:

Hand Weapons
 g - a +0 whip (weapon)
Missiles
 e - 41 arrows
 h - 66 stones (quivered)
 p - 50 sling bullets
 s - 3 tomahawks
Armour
 a - a +0 robe (worn)
 b - a +0 hat (worn)
 k - a +0 pair of boots (worn)
 m - a +0 pair of gloves (worn)
Scrolls
 f - 2 scrolls of teleportation
 j - 4 scrolls of magic mapping
 l - a scroll of identify
Potions
 n - a potion of heal wounds
 q - 2 potions of curing
Books
 c - a book of Minor Magic

   Spells                             Type                      Level
   a - Magic Dart                     Conjuration                  1
   b - Blink                          Translocation                2
   c - Call Imp                       Summoning                    2
   d - Repel Missiles                 Charms/Air                   2
   e - Slow                           Hexes                        2
   f - Conjure Flame                  Conjuration/Fire             3
   g - Mephitic Cloud                 Conjuration/Poison/Air       3
Comestibles
 d - 3 bread rations
 o - 2 chunks of flesh


   Skills:
 - Level 1.7 Dodging
 - Level 1.7 Stealth
 * Level 3.8 Spellcasting
 * Level 2.8 Conjurations
   Level 1.0 Summonings
 - Level 0.8 Translocations


You had 2 spell levels left.
You knew the following spells:

 Your Spells              Type           Power        Failure   Level  Hunger
a - Magic Dart            Conj           ###.         4%          1    None
b - Blink                 Tloc           N/A          17%         2    ##.....
c - Repel Missiles        Chrm/Air       #.....       24%         2    ##.....
d - Mephitic Cloud        Conj/Pois/Air  #.......     30%         3    ###....


Dungeon Overview and Level Annotations

Branches:
Dungeon (4/15)
 Temple: D:4-7

Altars:

Annotations:
D:3 dobroeutro's ghost, amateur GrFi
D:4 Dowan; Duvessa


Innate Abilities, Weirdness & Mutations

You are mostly covered in yellow scales (AC +3).


Message History

Casting: Blink
Confirm with . or Enter, or press ? or * to list all spells.
Aiming: Magic Dart
Press: ? - help, Shift-Dir - straight line, f - orc
Aim: an orc, wielding a whip (inner flame)
The magic dart hits the orc.
The orc is moderately wounded.
The orc closely misses you.
Casting: Magic Dart
Confirm with . or Enter, or press ? or * to list all spells.
Aiming: Magic Dart
Press: ? - help, Shift-Dir - straight line, f/p - orc
Aim: an orc, wielding a whip (moderately wounded, inner flame)
The magic dart hits the orc.
The orc explodes!
The fiery explosion engulfs Duvessa.
Duvessa is heavily wounded.
The fiery explosion engulfs you!
Ouch! That really hurt!
You die...

# #.###########
#####......eeĀ§@.#
..........#####.#
......###.###.....
.(......e...........
.......<#..##.#......#
.....e..##.# .###.##
......... ..# ## ..#
........#.#... ..
.......?#.#.#.#


You could see Duvessa (inner flame) and Dowan (inner flame).

Vanquished Creatures
  An adder (D:2)
  An ooze (D:1)
  2 worms (D:2)
  A dart slug (D:1)
  3 giant geckos
  A ball python (D:1)
  A giant cockroach (D:2)
  9 hobgoblins
  4 jackals (D:1)
  8 bats
  3 giant newts
  4 goblins
  7 kobolds
  2 rats
47 creatures vanquished.

Notes
Turn   | Place    | Note
--------------------------------------------------------------
     0 | D:1      | Chiseanne the Demonspawn Wizard began the quest for the Orb.
     0 | D:1      | Reached XP level 1. HP: 13/13 MP: 4/4
   472 | D:1      | Gained mutation: You are partially covered in yellow scales (AC +2). [demonic ancestry]
   472 | D:1      | Reached XP level 2. HP: 19/19 MP: 1/6
  1374 | D:1      | Reached XP level 3. HP: 24/24 MP: 5/8
  1781 | D:2      | Learned a level 2 spell: Blink
  1784 | D:2      | Learned a level 2 spell: Repel Missiles
  1788 | D:2      | Learned a level 3 spell: Mephitic Cloud
  2763 | D:2      | Gained mutation: You are mostly covered in yellow scales (AC +3). [demonic ancestry]
  2763 | D:2      | Reached XP level 4. HP: 30/30 MP: 4/9
  3084 | D:3      | Found a faded altar to an unknown god.
  3160 | D:3      | Noticed dobroeutro's ghost (amateur GrFi)
  3192 | D:4      | Noticed Duvessa
  3192 | D:4      | Noticed Dowan
  3204 | D:4      | Killed from afar by an orc

Skill      XL: |  1  2 |
---------------+-------+-----
Conjurations   | 2 |  2.8
Dodging        | |  1.7
Stealth        | |  1.7
Spellcasting   | |  3.8
Summonings     | |  1.0
Translocations | |  0.8

Action                   |  1- 3 |  4- 6 || total
-------------------------+-------+-------++-------
Melee: Whip              |    29 |       ||    29
 Cast: Magic Dart        |    98 |    11 ||   109
       Repel Missiles    |     1 |       ||     1
       Blink             |       |     1 ||     1
  Use: Scroll            |     7 |     2 ||     9
  Eat: Chunk             |     6 |     1 ||     7
Armor: Robe              |     6 |       ||     6
Dodge: Dodged            |    25 |     6 ||    31
